| TOP OF THE 1ST |
|
Brooklyn Cyclones batting - Pitching for Milwaukee (NYP) Brewers : RHP Tony Valdez
|
|
Pitching: RHP Tony Valdez
|
|
|
Batting: RHB Tony Oria
|
0-0: Ground out U3 (Groundball, 34, EV 104.4 MPH)
|
|
Batting: RHB Allen Wozniak
|
0-0: Reached on error, E2 (Groundball, 2L, EV 71.9 MPH)
|
|
Batting: LHB Victor Ferrermena
|
0-0: Called Strike 0-1: Ball 1-1: Foul Ball, location: 2F 1-2: Ball 2-2: Foul Ball, location: 2F 2-2: Ball 3-2: Fly out, F7 (Flyball, 7LS, EV 95.0 MPH)
|
|
Batting: LHB Adam Barry
|
0-0: Ball 1-0: Called Strike 1-1: Ball 2-1: Ball 3-1: Ground out 6-3 (Groundball, 6S, EV 86.9 MPH)
|
| Top of the 1st over - 0 runs, 0 hits, 1 error, 1 left on base; Brooklyn 0 - Milwaukee (NYP) 0 |
| BOTTOM OF THE 1ST |
|
Milwaukee (NYP) Brewers batting - Pitching for Brooklyn Cyclones : RHP Morty Rupert
|
|
Pitching: RHP Morty Rupert
|
|
|
Batting: RHB Bobby McCann
|
0-0: Ball 1-0: Called Strike 1-1: Called Strike 1-2: Ball 2-2: Foul Ball, location: 2F 2-2: SINGLE (Groundball, 4S, EV 98.8 MPH)
|
|
Batting: SHB Robert Sayer
|
0-0: Called Strike Bobby McCann steals 2nd base 0-1: Foul Ball, location: 2F 0-2: Ground out 6-3 (Groundball, 56, EV 86.9 MPH)
|
|
Batting: RHB Skyler Goss
|
0-0: SINGLE (Groundball, 34D, EV 96.9 MPH) Bobby McCann to third Runner from 3rd tries for Home, SAFE, throw by RF to home
|
|
Batting: LHB Paul Collins
|
0-0: Ball 1-0: Ball 2-0: Swinging Strike 2-1: Foul Ball, location: 2F 2-2: Foul Ball, location: 2F 2-2: Ball 3-2: Foul Ball, location: 2F 3-2: Strikes out swinging
|
|
Batting: LHB Aaron Mobley
|
0-0: Foul Ball, location: 2F 0-1: Called Strike 0-2: Ball 1-2: Ball 2-2: Foul Ball, location: 2F 2-2: Foul Ball, location: 2F 2-2: Foul Ball, location: 2F 2-2: Ball 3-2: Foul Ball, location: 2F 3-2: Base on Balls Skyler Goss to second
|
|
Batting: RHB Dustin Hartman
|
0-0: Foul Ball, location: 2F 0-1: Ball 1-1: Swinging Strike 1-2: Foul Ball, location: 2F 1-2: Ball 2-2: Ground out 4-3 (Groundball, 4M, EV 110.6 MPH)
|
| Bottom of the 1st over - 1 run, 2 hits, 0 errors, 2 left on base; Brooklyn 0 - Milwaukee (NYP) 1 |
| TOP OF THE 2ND |
|
Brooklyn Cyclones batting - Pitching for Milwaukee (NYP) Brewers : RHP Tony Valdez
|
|
Batting: SHB Julio Ramos
|
0-0: Ball 1-0: Ball 2-0: Ball 3-0: Called Strike 3-1: SINGLE (Groundball, 3D, EV 100.6 MPH)
|
|
Batting: RHB Leo Roman
|
0-0: SINGLE (Groundball, 6MD, EV 109.4 MPH) Julio Ramos to second
|
|
Batting: RHB Edolf Vlemmings
|
0-0: Grounds into double play, 6-4-3 (Groundball, 6S, EV 82.5 MPH) Julio Ramos to third
|
|
Batting: RHB Oscar Chairez
|
0-0: Called Strike 0-1: Fly out, F8 (Line Drive, 8RD, EV 92.5 MPH)
|
| Top of the 2nd over - 0 runs, 2 hits, 0 errors, 1 left on base; Brooklyn 0 - Milwaukee (NYP) 1 |
| BOTTOM OF THE 2ND |
|
Milwaukee (NYP) Brewers batting - Pitching for Brooklyn Cyclones : RHP Morty Rupert
|
|
Batting: RHB Brad Wren
|
0-0: Ball 1-0: Called Strike 1-1: Foul Ball, location: 2F 1-2: Strikes out swinging
|
|
Batting: SHB Adam Slade
|
0-0: Ball 1-0: Foul Ball, location: 2F 1-1: Foul Ball, location: 2F 1-2: Strikes out swinging
|
|
Batting: RHB Tom Campos
|
0-0: Called Strike 0-1: Called Strike 0-2: Ground out 6-3 (Groundball, 4MS, EV 86.9 MPH)
|
| Bottom of the 2nd over - 0 runs, 0 hits, 0 errors, 0 left on base; Brooklyn 0 - Milwaukee (NYP) 1 |
| TOP OF THE 3RD |
|
Brooklyn Cyclones batting - Pitching for Milwaukee (NYP) Brewers : RHP Tony Valdez
|
|
Batting: RHB Hyeok Kim
|
0-0: Called Strike 0-1: Fly out, F7 (Line Drive, 7, EV 103.8 MPH)
|
|
Batting: RHB Tony Oria
|
0-0: Ball 1-0: Ball 2-0: Ball 3-0: Foul Ball, location: 2F 3-1: Called Strike 3-2: SINGLE (Groundball, 25, EV 70.6 MPH) (infield hit)
|
|
Batting: RHB Allen Wozniak
|
0-0: Grounds into double play, 6-4-3 (Groundball, 6, EV 110.0 MPH)
|
| Top of the 3rd over - 0 runs, 1 hit, 0 errors, 0 left on base; Brooklyn 0 - Milwaukee (NYP) 1 |
| BOTTOM OF THE 3RD |
|
Milwaukee (NYP) Brewers batting - Pitching for Brooklyn Cyclones : RHP Morty Rupert
|
|
Batting: RHB Bobby McCann
|
0-0: Bunt for hit to 5S - play at first, batter OUT! 5-3
|
|
Batting: SHB Robert Sayer
|
0-0: Ball 1-0: Ball 2-0: Ball 3-0: Called Strike 3-1: Called Strike 3-2: Strikes out swinging, 2-3 out at first.
|
|
Batting: RHB Skyler Goss
|
0-0: SINGLE (Line Drive, 4MD, EV 98.8 MPH)
|
|
Batting: LHB Paul Collins
|
0-0: Ball 1-0: Fly out, F9 (Flyball, 89S, EV 87.5 MPH)
|
| Bottom of the 3rd over - 0 runs, 1 hit, 0 errors, 1 left on base; Brooklyn 0 - Milwaukee (NYP) 1 |
| TOP OF THE 4TH |
|
Brooklyn Cyclones batting - Pitching for Milwaukee (NYP) Brewers : RHP Tony Valdez
|
|
Batting: LHB Victor Ferrermena
|
0-0: Foul Ball, location: 2F 0-1: Ball 1-1: Ball 2-1: Ball 3-1: Base on Balls
|
|
Batting: LHB Adam Barry
|
0-0: Ball 1-0: Foul Ball, location: 2F 1-1: Ball 2-1: Fly out, F7 (Line Drive, 7, EV 90.6 MPH)
|
|
Batting: SHB Julio Ramos
|
0-0: Ball 1-0: Ball 2-0: Foul Ball, location: 2F 2-1: Ball 3-1: Called Strike 3-2: Foul Ball, location: 2F 3-2: Foul Ball, location: 2F 3-2: Strikes out swinging
|
|
Batting: RHB Leo Roman
|
0-0: Foul Ball, location: 2F 0-1: Ball 1-1: Ball 2-1: Ball 3-1: Base on Balls Victor Ferrermena to second
|
|
Batting: RHB Edolf Vlemmings
|
0-0: Ball 1-0: Ball 2-0: Called Strike 2-1: Ball 3-1: SINGLE (Groundball, 6M, EV 103.1 MPH) Victor Ferrermena to third Leo Roman to second Runner from 3rd tries for Home, SAFE, throw by CF to home
|
|
Batting: RHB Oscar Chairez
|
0-0: Called Strike 0-1: Foul Ball, location: 2F 0-2: Fielders Choice at 2nd, 6-4 (Groundball, 6, EV 85.6 MPH)
|
| Top of the 4th over - 1 run, 1 hit, 0 errors, 2 left on base; Brooklyn 1 - Milwaukee (NYP) 1 |
| BOTTOM OF THE 4TH |
|
Milwaukee (NYP) Brewers batting - Pitching for Brooklyn Cyclones : RHP Morty Rupert
|
|
Batting: LHB Aaron Mobley
|
0-0: Ball 1-0: Foul Ball, location: 2F 1-1: Ball 2-1: Fly out, F9 (Flyball, 9LM, EV 97.5 MPH)
|
|
Batting: RHB Dustin Hartman
|
0-0: Foul Ball, location: 2F 0-1: Swinging Strike 0-2: Ground out 5-3 (Groundball, 56, EV 78.1 MPH)
|
|
Batting: RHB Brad Wren
|
0-0: Called Strike 0-1: Ball 1-1: Ball 2-1: Swinging Strike 2-2: Strikes out swinging
|
| Bottom of the 4th over - 0 runs, 0 hits, 0 errors, 0 left on base; Brooklyn 1 - Milwaukee (NYP) 1 |
| TOP OF THE 5TH |
|
Brooklyn Cyclones batting - Pitching for Milwaukee (NYP) Brewers : RHP Tony Valdez
|
|
Batting: RHB Hyeok Kim
|
0-0: Fly out, F8 (Flyball, 8RS, EV 76.2 MPH)
|
|
Batting: RHB Tony Oria
|
0-0: Swinging Strike 0-1: Ball 1-1: Ground out 6-3 (Groundball, 6, EV 80.0 MPH)
|
|
Batting: RHB Allen Wozniak
|
0-0: Ball 1-0: Ground out 6-3 (Groundball, 6, EV 91.2 MPH)
|
| Top of the 5th over - 0 runs, 0 hits, 0 errors, 0 left on base; Brooklyn 1 - Milwaukee (NYP) 1 |
| BOTTOM OF THE 5TH |
|
Milwaukee (NYP) Brewers batting - Pitching for Brooklyn Cyclones : RHP Morty Rupert
|
|
Batting: SHB Adam Slade
|
0-0: Ball 1-0: Ball 2-0: Called Strike 2-1: Foul Ball, location: 2F 2-2: Strikes out looking
|
|
Batting: RHB Tom Campos
|
0-0: Ground out 6-3 (Groundball, 6, EV 86.2 MPH)
|
|
Batting: RHB Bobby McCann
|
0-0: Ball 1-0: Swinging Strike 1-1: Ball 2-1: Ball 3-1: Called Strike 3-2: Strikes out swinging
|
| Bottom of the 5th over - 0 runs, 0 hits, 0 errors, 0 left on base; Brooklyn 1 - Milwaukee (NYP) 1 |
| TOP OF THE 6TH |
|
Brooklyn Cyclones batting - Pitching for Milwaukee (NYP) Brewers : RHP Tony Valdez
|
|
Batting: LHB Victor Ferrermena
|
0-0: Ball 1-0: Swinging Strike 1-1: Ball 2-1: Foul Ball, location: 2F 2-2: Ground out U3 (Groundball, 34D, EV 90.0 MPH)
|
|
Batting: LHB Adam Barry
|
0-0: Called Strike 0-1: Called Strike 0-2: Ball 1-2: Ball 2-2: Ball 3-2: Strikes out swinging
|
|
Batting: SHB Julio Ramos
|
0-0: Ball 1-0: Ball 2-0: Ball 3-0: Base on Balls
|
|
Batting: RHB Leo Roman
|
0-0: Called Strike 0-1: Called Strike 0-2: Fielders Choice at 2nd, 6-4 (Groundball, 6, EV 91.9 MPH)
|
| Top of the 6th over - 0 runs, 0 hits, 0 errors, 1 left on base; Brooklyn 1 - Milwaukee (NYP) 1 |
| BOTTOM OF THE 6TH |
|
Milwaukee (NYP) Brewers batting - Pitching for Brooklyn Cyclones : RHP Morty Rupert
|
|
Batting: SHB Robert Sayer
|
0-0: Fly out, F8 (Line Drive, 8RD, EV 90.0 MPH)
|
|
Batting: RHB Skyler Goss
|
0-0: Ball 1-0: Ball 2-0: Ball 3-0: Base on Balls
|
|
Batting: LHB Paul Collins
|
0-0: Foul Ball, location: 2F 0-1: Foul Ball, location: 2F 0-2: Ball 1-2: Foul Ball, location: 2F 1-2: Ball 2-2: Foul Ball, location: 2F 2-2: Foul Ball, location: 2F 2-2: Ball 3-2: Fielders Choice at 2nd, 3-6 (Groundball, 13, EV 88.1 MPH)
|
|
Batting: LHB Aaron Mobley
|
0-0: Ball Paul Collins steals 2nd base 1-0: Called Strike 1-1: Ball 2-1: Ball 3-1: Ground out 4-3 (Groundball, 4S, EV 69.4 MPH)
|
| Bottom of the 6th over - 0 runs, 0 hits, 0 errors, 1 left on base; Brooklyn 1 - Milwaukee (NYP) 1 |
| TOP OF THE 7TH |
|
Brooklyn Cyclones batting - Pitching for Milwaukee (NYP) Brewers : RHP Tony Valdez
|
|
Pitching: RHP Odmar van de Vijver
|
|
|
Batting: RHB Edolf Vlemmings
|
0-0: Called Strike 0-1: Swinging Strike 0-2: Ball 1-2: Ball 2-2: TRIPLE (Line Drive, 9D, EV 108.1 MPH)
|
|
Batting: RHB Oscar Chairez
|
0-0: Called Strike 0-1: Foul Ball, location: 2F 0-2: Ball 1-2: Foul Ball, location: 2F 1-2: Strikes out swinging
|
|
Batting: RHB Hyeok Kim
|
0-0: Squeeze Bunt to 3S - play home, runner scores, batter safe! Edolf Vlemmings scores
|
|
Batting: RHB Tony Oria
|
0-0: Ball 1-0: Called Strike Hyeok Kim steals 2nd base 1-1: Ground out 6-3 (Groundball, 6, EV 104.4 MPH)
|
|
Batting: RHB Allen Wozniak
|
Balk! Hyeok Kim to third 0-0: Ground out 6-3 (Groundball, 6M, EV 103.8 MPH)
|
| Top of the 7th over - 1 run, 1 hit, 0 errors, 1 left on base; Brooklyn 2 - Milwaukee (NYP) 1 |
| BOTTOM OF THE 7TH |
|
Milwaukee (NYP) Brewers batting - Pitching for Brooklyn Cyclones : RHP Morty Rupert
|
|
Batting: RHB Dustin Hartman
|
0-0: Ball 1-0: Foul Ball, location: 2F 1-1: Ball 2-1: Ball 3-1: Ground out 3-1 (Groundball, 34, EV 102.5 MPH)
|
|
Batting: RHB Brad Wren
|
0-0: Swinging Strike 0-1: Called Strike 0-2: Foul Ball, location: 2F 0-2: Ball 1-2: Ball 2-2: Foul Ball, location: 2F 2-2: Foul Ball, location: 2F 2-2: Ground out 5-3 (Groundball, 56, EV 100.0 MPH)
|
|
Pitching: RHP Leo Burgos
|
|
|
Batting: SHB Adam Slade
|
0-0: Called Strike 0-1: Ball 1-1: Foul Ball, location: 2F 1-2: Ball 2-2: Strikes out swinging
|
| Bottom of the 7th over - 0 runs, 0 hits, 0 errors, 0 left on base; Brooklyn 2 - Milwaukee (NYP) 1 |
| TOP OF THE 8TH |
|
Brooklyn Cyclones batting - Pitching for Milwaukee (NYP) Brewers : RHP Odmar van de Vijver
|
|
Pitching: LHP Willis Escobedo
|
|
|
Batting: LHB Victor Ferrermena
|
0-0: Ball 1-0: Ball 2-0: Ball 3-0: Base on Balls
|
|
Batting: LHB Adam Barry
|
0-0: Called Strike 0-1: Ball 1-1: Ball 2-1: Foul Ball, location: 2F 2-2: Grounds out, U3 (Groundball, 3L, EV 101.2 MPH)
|
|
Batting: SHB Julio Ramos
|
0-0: Called Strike 0-1: Ball 1-1: SINGLE (Groundball, 56D, EV 106.2 MPH) Victor Ferrermena to third
|
|
Batting: RHB Leo Roman
|
0-0: Called Strike 0-1: Ball 1-1: Swinging Strike 1-2: Foul Ball, location: 2F 1-2: Ball 2-2: Strikes out looking
|
|
Batting: RHB Edolf Vlemmings
|
0-0: SINGLE (Groundball, 6M, EV 99.4 MPH) (infield hit) Victor Ferrermena scores Julio Ramos to second
|
|
Batting: RHB Oscar Chairez
|
0-0: Ball Wild Pitch! Julio Ramos to third Edolf Vlemmings to second 1-0: Ball 2-0: Ball 3-0: Called Strike 3-1: Base on Balls
|
|
Batting: RHB Hyeok Kim
|
0-0: Called Strike 0-1: Foul Ball, location: 2F 0-2: SINGLE (Line Drive, 6MD, EV 95.0 MPH) Julio Ramos scores Edolf Vlemmings to third Oscar Chairez to second Runner from 3rd tries for Home, throw by CF and OUT! 8-2
|
| Top of the 8th over - 2 runs, 3 hits, 0 errors, 2 left on base; Brooklyn 4 - Milwaukee (NYP) 1 |
| BOTTOM OF THE 8TH |
|
Milwaukee (NYP) Brewers batting - Pitching for Brooklyn Cyclones : RHP Leo Burgos
|
|
Batting: RHB Tom Campos
|
0-0: Ball 1-0: SINGLE (Groundball, 4MD, EV 100.6 MPH)
|
|
Batting: RHB Bobby McCann
|
0-0: Fielders Choice at 2nd, 3-6 (Groundball, 34, EV 88.8 MPH)
|
|
Batting: SHB Robert Sayer
|
0-0: Called Strike 0-1: Swinging Strike 0-2: Ball 1-2: Strikes out swinging
|
|
Batting: RHB Skyler Goss
|
0-0: Ball 1-0: Ball 2-0: Ball 3-0: Called Strike 3-1: Fly out, F7 (Flyball, 78M, EV 81.9 MPH)
|
| Bottom of the 8th over - 0 runs, 1 hit, 0 errors, 1 left on base; Brooklyn 4 - Milwaukee (NYP) 1 |
| TOP OF THE 9TH |
|
Brooklyn Cyclones batting - Pitching for Milwaukee (NYP) Brewers : LHP Willis Escobedo
|
|
Pitching: LHP Dustin Waller
|
|
|
Batting: RHB Tony Oria
|
0-0: Ball 1-0: Foul Ball, location: 2F 1-1: DOUBLE (Flyball, 8RD, EV 108.8 MPH)
|
|
Batting: RHB Allen Wozniak
|
0-0: Called Strike 0-1: Foul Ball, location: 2F 0-2: Ball 1-2: Foul Ball, location: 2F 1-2: Ball 2-2: Ball 3-2: Foul Ball, location: 2F 3-2: Foul Ball, location: 2F 3-2: Base on Balls
|
|
Batting: LHB Victor Ferrermena
|
0-0: Called Strike 0-1: Called Strike 0-2: DOUBLE (Flyball, 78D, EV 108.1 MPH) Tony Oria scores Allen Wozniak to third
|
|
Batting: LHB Adam Barry
|
0-0: Foul Ball, location: 2F 0-1: Swinging Strike 0-2: Strikes out swinging
|
|
Batting: SHB Julio Ramos
|
0-0: Called Strike 0-1: SINGLE (Flyball, 8RS, EV 91.9 MPH) Allen Wozniak scores Victor Ferrermena to third
|
|
Batting: RHB Leo Roman
|
0-0: Called Strike 0-1: Ball 1-1: Foul Ball, location: 2F 1-2: Strikes out looking
|
|
Batting: RHB Edolf Vlemmings
|
0-0: Swinging Strike 0-1: Ball 1-1: Swinging Strike 1-2: Foul Ball, location: 2F 1-2: Ball 2-2: Strikes out swinging
|
| Top of the 9th over - 2 runs, 3 hits, 0 errors, 2 left on base; Brooklyn 6 - Milwaukee (NYP) 1 |
| BOTTOM OF THE 9TH |
|
Milwaukee (NYP) Brewers batting - Pitching for Brooklyn Cyclones : RHP Leo Burgos
|
|
Batting: LHB Paul Collins
|
0-0: Called Strike 0-1: Ball 1-1: Foul Ball, location: 2F 1-2: Ball 2-2: Strikes out swinging
|
|
Batting: LHB Aaron Mobley
|
0-0: Ball 1-0: Ball 2-0: Called Strike 2-1: Ball 3-1: Called Strike 3-2: DOUBLE (Line Drive, 9LM, EV 91.2 MPH)
|
|
Pitching: RHP Alastair Henry
|
|
|
Batting: RHB Dustin Hartman
|
0-0: Called Strike 0-1: Ball 1-1: Foul Ball, location: 2F 1-2: Strikes out swinging
|
|
Batting: RHB Brad Wren
|
0-0: Ball 1-0: Fly out, F7 (Flyball, 7D, EV 88.1 MPH)
|
| Bottom of the 9th over - 0 runs, 1 hit, 0 errors, 1 left on base; Brooklyn 6 - Milwaukee (NYP) 1 |
|